[Event "ICC tourney 2533 (25 5)"]
[Site "Internet Chess Club"]
[Date "2021.04.24"]
[Round "2"]
[White "CLEM, THOMAS:K09-15706482"]
[Black "TANN, KEVIN:K09-16685678"]
[Result "1-0"]
[ICCResult "Black checkmated"]
[WhiteElo "873"]
[BlackElo "142"]
[Opening "King's pawn game"]
[ECO "C50"]
[NIC "IG.03"]
[Time "13:28:10"]
[PlyCount "135"]
[TimeControl "1500+5"]

1. e4 e5 2. Nf3 Nc6 3. Bc4 Nd4 4. c3 Nxf3+ 5. Qxf3 Nf6 6. d4 exd4 7. cxd4
d6 8. h3 Qe7 9. Bg5 Qxe4+ 10. Qxe4+ Nxe4 11. Be3 c5 12. d5 Nf6 13. O-O Be7
14. Bb5+ Bd7 15. Bc4 O-O-O 16. Nc3 a6 17. a4 Ne8 18. Bd2 Nc7 19. Rfe1 Bf8
20. Ne4 Kb8 21. b4 cxb4 22. Bxb4 Ne8 23. Reb1 b5 24. Ba5 Rc8 25. Be2 Rc2
26. Bg4 Bxg4 27. hxg4 Nc7 28. Nc3 g6 29. axb5 axb5 30. Nxb5 Nxb5 31. Rxb5+
Kc8 32. Bb4 Bg7 33. Ra8+ Kd7 34. Rb7+ Rc7 35. Rxc7+ Kxc7 36. Ra7+ Kb6 37.
Rxf7 Be5 38. Re7 Ra8 39. g3 Ra1+ 40. Kg2 Ra2 41. Re6 Bd4 42. Rxd6+ Kb5 43.
Be1 Ra1 44. Kf1 Bc3 45. Re6 Bxe1 46. Rxe1 Rxe1+ 47. Kxe1 Kc5 48. g5 Kxd5
49. f4 Ke4 50. Kf2 Kf5 51. Kf3 Ke6 52. g4 Kf7 53. Ke4 Kg7 54. Ke5 h5 55.
gxh6+ Kxh6 56. f5 gxf5 57. gxf5 Kg7 58. f6+ Kf7 59. Kf5 Kg8 60. Ke6 Kf8 61.
f7 Kg7 62. Ke7 Kg6 63. f8=Q Kh7 64. Qf7+ Kh8 65. Qf1 Kg7 66. Qg1+ Kh6 67.
Kf6 Kh7 68. Qg7# { Black checkmated } 1-0

[Event "ICC tourney 2533 (25 5)"]
[Site "Internet Chess Club"]
[Date "2021.04.24"]
[Round "2"]
[White "JAKOB RAZA REMPE, JONAS:K09-15043490"]
[Black "NADYRSHIN, CHINGIZ:K09-15625751"]
[Result "1-0"]
[ICCResult "Black checkmated"]
[WhiteElo "1955"]
[BlackElo "1233"]
[Opening "Scandinavian (center counter) defense"]
[ECO "B01"]
[NIC "VO.17"]
[Time "13:12:02"]
[PlyCount "63"]
[TimeControl "1500+5"]

1. e4 d5 2. exd5 Qxd5 3. Nf3 Nf6 4. d4 c6 5. Be2 Bf5 6. Be3 e6 7. Nbd2 Be7
8. O-O O-O 9. c4 Qa5 10. Nb3 Qc7 11. Nh4 Bg6 12. Nxg6 hxg6 13. Rc1 Rd8 14.
Qc2 Nbd7 15. Bf3 Bd6 16. g3 e5 17. h3 exd4 18. Nxd4 Bc5 19. Bg2 Qb6 20.
Rcd1 Ne5 21. Qc3 Rd7 22. Ne6 fxe6 23. Qxe5 Rxd1 24. Rxd1 Bxe3 25. fxe3 Re8
26. g4 Kh7 27. g5 Ng8 28. Rd4 Ne7 29. Rh4+ Kg8 30. Qxe6+ Kf8 31. Rh8+ Ng8
32. Rxg8# { Black checkmated } 1-0

[Event "ICC tourney 2533 (25 5)"]
[Site "Internet Chess Club"]
[Date "2021.04.24"]
[Round "2"]
[White "PARK, EVAN:K09-15748464"]
[Black "ROLAND MOLNAR, MIHAI:K09-16645268"]
[Result "1-0"]
[ICCResult "Black resigns"]
[WhiteElo "2322"]
[BlackElo "1421"]
[Opening "Sicilian: Nimzovich-Rossolimo attack (with ...g6, without ...d6)"]
[ECO "B31"]
[NIC "SI.31"]
[Time "13:19:04"]
[PlyCount "77"]
[TimeControl "1500+5"]

1. e4 c5 2. Nf3 Nc6 3. Bb5 g6 4. O-O Bg7 5. Re1 d6 6. c3 Bd7 7. d4 a6 8.
Bf1 cxd4 9. cxd4 e6 10. Nc3 Nge7 11. Be3 O-O 12. a4 Rc8 13. Qd2 d5 14. e5
Nf5 15. Rad1 Nxe3 16. Rxe3 Bh6 17. h4 Bxe3 18. Qxe3 Ne7 19. g4 Qa5 20. Qh6
f6 21. exf6 Rxf6 22. Ng5 Bxa4 23. Qxh7+ Kf8 24. Re1 Bd7 25. Qh6+ Ke8 26.
Qg7 Rf8 27. Nxe6 Bxe6 28. Rxe6 Rf7 29. Qg8+ Rf8 30. Rxe7+ Kxe7 31. Nxd5+
Kd6 32. Qxg6+ Kxd5 33. Qg5+ Kd6 34. Qxa5 Rfe8 35. Qb4+ Kd7 36. Qxb7+ Rc7
37. Qxa6 Re6 38. Qb5+ Rcc6 39. d5 { Black resigns } 1-0

[Event "ICC tourney 2533 (25 5)"]
[Site "Internet Chess Club"]
[Date "2021.04.24"]
[Round "2"]
[White "GU LIN, BENJAMIN:K09-15976160"]
[Black "BUTLER, BETTY:K09-17283280"]
[Result "0-1"]
[ICCResult "White checkmated"]
[WhiteElo "1496"]
[BlackElo "357"]
[Opening "Caro-Kann: Steinitz variation"]
[ECO "B17"]
[NIC "CK.08"]
[Time "13:12:51"]
[PlyCount "76"]
[TimeControl "1500+5"]

1. e4 c6 2. d4 d5 3. Nc3 dxe4 4. Nxe4 Nd7 5. Nf3 Ngf6 6. Nxf6+ Nxf6 7. Bc4
Bf5 8. O-O e6 9. Re1 Be7 10. Bf4 O-O 11. c3 Nd5 12. Bg3 Bd6 13. Qe2 Bxg3
14. hxg3 a5 15. Nh4 Qf6 16. Bxd5 cxd5 17. Qb5 Rfb8 18. Re5 Bc2 19. Rc1 Be4
20. f3 Qh6 21. Re1 Qd2 22. Re2 Qd1+ 23. Kh2 Bd3 24. Re1 Qxe1 25. Qxd3 Qa1
26. Re2 Qxa2 27. f4 Qa1 28. f5 Re8 29. f6 gxf6 30. Qf3 Qd1 31. Qe3 Ra6 32.
Rf2 e5 33. Qh6 Qg4 34. Rxf6 Rxf6 35. Qxf6 exd4 36. Nf5 Qh5+ 37. Kg1 Re1+
38. Kf2 Qe2# { White checkmated } 0-1

[Event "ICC tourney 2533 (25 5)"]
[Site "Internet Chess Club"]
[Date "2021.04.24"]
[Round "2"]
[White "SETHURAMAN, SANDEEP:K09-15472832"]
[Black "ANANTHARAMAN, AASHISH:K09-15992442"]
[Result "1-0"]
[ICCResult "Black resigns"]
[WhiteElo "2194"]
[BlackElo "1366"]
[Opening "QGD Slav: exchange variation, 6.Bf4 Bf5"]
[ECO "D14"]
[NIC "SL.03"]
[Time "13:12:31"]
[PlyCount "117"]
[TimeControl "1500+5"]

1. d4 c6 2. c4 d5 3. Nf3 Nf6 4. Nc3 Bf5 5. cxd5 cxd5 6. Bf4 Nc6 7. e3 a6 8.
Rc1 e6 9. Be2 Bd6 10. Bxd6 Qxd6 11. O-O O-O 12. Na4 e5 13. Nc5 Rab8 14. Qa4
Rfc8 15. dxe5 Nxe5 16. Nxe5 Rxc5 17. Rxc5 Qxc5 18. Qf4 Qc2 19. Nc6 Re8 20.
Nd4 Qxb2 21. Qxf5 Qxa2 22. Rc1 Qb2 23. Rc8 Qa1+ 24. Bf1 Qa4 25. Rxe8+ Qxe8
26. Qg5 h6 27. Qg3 Ne4 28. Qc7 Qa4 29. Qxb7 Qa2 30. Qc8+ Kh7 31. Qc2 Qxc2
32. Nxc2 a5 33. Bd3 Kg8 34. Bxe4 dxe4 35. Kf1 Kf8 36. Ke2 Ke7 37. Kd2 Kd6
38. Kc3 Kc5 39. Kb3 Kb5 40. Nd4+ Kb6 41. Ka4 g6 42. Nb3 f5 43. Nxa5 g5 44.
Kb4 f4 45. Nc4+ Kc6 46. Nd2 Kd5 47. Kc3 h5 48. g3 fxe3 49. fxe3 Ke5 50. h3
Kd5 51. g4 h4 52. Kb3 Ke5 53. Kc4 Kd6 54. Nxe4+ Ke5 55. Nxg5 Kf6 56. Nf3
Kg7 57. Nxh4 Kh6 58. Nf3 Kg6 59. e4 { Black resigns } 1-0

[Event "ICC tourney 2533 (25 5)"]
[Site "Internet Chess Club"]
[Date "2021.04.24"]
[Round "2"]
[White "KAUR, ARADH:K09-15085398"]
[Black "XIAO, ALESTER:K09-16181985"]
[Result "1-0"]
[ICCResult "Black resigns"]
[WhiteElo "1706"]
[BlackElo "1055"]
[Opening "Caro-Kann: exchange variation"]
[ECO "B13"]
[NIC "CK.02"]
[Time "13:12:31"]
[PlyCount "85"]
[TimeControl "1500+5"]

1. e4 c6 2. d4 d5 3. exd5 cxd5 4. Bd3 Qc7 5. h3 Nf6 6. Nf3 e6 7. O-O Be7 8.
Nc3 a6 9. Bg5 O-O 10. Bh4 Bd7 11. Re1 Bc6 12. Ne5 Nbd7 13. Bg3 Bd6 14. Nxc6
bxc6 15. Bxd6 Qxd6 16. Qd2 c5 17. dxc5 Nxc5 18. Bf1 Rab8 19. b3 Rfe8 20.
Rad1 Qc6 21. Qd4 Rbc8 22. Rc1 Rc7 23. Re3 Rce7 24. Rce1 Ncd7 25. f4 Nc5 26.
Rg3 Qd6 27. Qxf6 g6 28. Qe5 Qb6 29. Kh1 Nd7 30. Qe2 Nc5 31. Re3 Qd6 32. Na4
Ne4 33. Rf3 g5 34. g3 gxf4 35. gxf4 Kh8 36. Qxa6 Qb4 37. c3 Qa3 38. Qe2 Rg8
39. Qb2 Qxb2 40. Nxb2 f5 41. Bd3 Ng3+ 42. Kh2 Reg7 43. Rg1 { Black resigns
} 1-0

[Event "ICC tourney 2533 (25 5)"]
[Site "Internet Chess Club"]
[Date "2021.04.24"]
[Round "2"]
[White "PARKS CHURCH, OWEN:K09-15268150"]
[Black "HE, STEPHEN:K09-14726703"]
[Result "0-1"]
[ICCResult "White checkmated"]
[WhiteElo "1334"]
[BlackElo "2066"]
[Opening "Danish gambit"]
[ECO "C21"]
[NIC "KP.04"]
[Time "13:13:31"]
[PlyCount "132"]
[TimeControl "1500+5"]

1. e4 e5 2. d4 exd4 3. c3 d3 4. Qxd3 Nc6 5. Nf3 Be7 6. g3 d6 7. Bg2 Nf6 8.
Bf4 Be6 9. Nbd2 O-O 10. O-O d5 11. e5 Nd7 12. Rfe1 a5 13. Nb3 a4 14. Nbd4
Nc5 15. Qc2 Bg4 16. h3 Bh5 17. e6 Bf6 18. exf7+ Bxf7 19. Nxc6 bxc6 20. h4
Bg6 21. Qd1 Nd3 22. Re2 Nxf4 23. gxf4 Bxh4 24. Qd4 Bh5 25. Rae1 Bf6 26. Qc5
Qd7 27. Ne5 Qd6 28. Qxc6 Qxc6 29. Nxc6 Bxe2 30. Bxd5+ Kh8 31. Rxe2 Rae8 32.
Ne5 Bxe5 33. fxe5 Rf5 34. f4 Rxf4 35. e6 Re7 36. Rd2 g5 37. Rg2 h6 38. Rh2
Kg7 39. Re2 Rf5 40. Bc4 Rc5 41. b3 axb3 42. axb3 Rf5 43. Rd2 Rf3 44. Rc2 h5
45. Rd2 Rxc3 46. Rd7 Kf6 47. Rd8 h4 48. Rf8+ Ke5 49. Rg8 Rg3+ 50. Kh2 c5
51. Rc8 Kd6 52. Rd8+ Kc7 53. Rf8 Kd6 54. Rd8+ Ke5 55. Rd5+ Kf4 56. Rxc5 g4
57. Rh5 h3 58. Bd5 Rd3 59. b4 Rd2+ 60. Kg1 Ra7 61. Bc4 Ra1+ 62. Bf1 Kg3 63.
Rf5 Rdd1 64. e7 h2+ 65. Kh1 Rxf1+ 66. Rxf1 Rxf1# { White checkmated } 0-1

[Event "ICC tourney 2533 (25 5)"]
[Site "Internet Chess Club"]
[Date "2021.04.24"]
[Round "2"]
[White "PETERSON, RYAN:K09-14901322"]
[Black "CHEN, JONAH:K09-15805266"]
[Result "1-0"]
[ICCResult "Black forfeits on time"]
[WhiteElo "2016"]
[BlackElo "1308"]
[Opening "Queen's pawn game, Krause variation"]
[ECO "D02"]
[NIC "QP.08"]
[Time "13:13:53"]
[PlyCount "79"]
[TimeControl "1500+5"]

1. d4 d5 2. Nf3 c5 3. dxc5 Nc6 4. e3 Bg4 5. h3 Bh5 6. c3 e5 7. g4 Bg6 8.
Bb5 Be4 9. Nbd2 Bxf3 10. Nxf3 e4 11. Nd4 Qc7 12. Nxc6 bxc6 13. Qxd5 Ne7 14.
Qxe4 Rd8 15. Be2 g6 16. Qf4 Qxf4 17. exf4 Nd5 18. Be3 Nxe3 19. fxe3 Bxc5
20. Kf2 O-O 21. b4 Bb6 22. c4 Rfe8 23. c5 Bc7 24. Rad1 a5 25. a3 axb4 26.
Rxd8 Rxd8 27. axb4 Rb8 28. Rb1 Bd8 29. Bf3 Ba5 30. Bxc6 Rxb4 31. Rc1 Rb2+
32. Kf3 Bd2 33. Rd1 Bb4 34. Rd7 Bxc5 35. Bd5 Rh2 36. Kg3 Re2 37. e4 Re3+
38. Kh4 Ra3 39. Rxf7 Bf2+ 40. Kg5 { Black forfeits on time } 1-0

[Event "ICC tourney 2533 (25 5)"]
[Site "Internet Chess Club"]
[Date "2021.04.24"]
[Round "2"]
[White "RAJARAM, ANIKA:K09-15446678"]
[Black "SARVASYA, VIKAS:K09-15488033"]
[Result "1-0"]
[ICCResult "Black checkmated"]
[WhiteElo "1858"]
[BlackElo "1187"]
[Opening "Queen's gambit declined"]
[ECO "D30"]
[NIC "QP.08"]
[Time "13:13:44"]
[PlyCount "107"]
[TimeControl "1500+5"]

1. d4 d5 2. c4 e6 3. Nf3 Nf6 4. g3 c6 5. Bg2 Bd6 6. O-O O-O 7. Qc2 h6 8.
Nbd2 b6 9. e4 dxe4 10. Nxe4 c5 11. Nxd6 Qxd6 12. Ne5 Nc6 13. Nxc6 Bb7 14.
Bf4 Qd7 15. Ne5 Qc8 16. Bxb7 Qxb7 17. dxc5 bxc5 18. Qe2 Rad8 19. b3 Ne4 20.
Rac1 Rfe8 21. Rfe1 Nf6 22. Qf3 Qa6 23. Qc3 Rb8 24. Rc2 Red8 25. Qf3 Rbc8
26. Bxh6 Qd6 27. Bf4 Qe7 28. Nc6 Qb7 29. Ne5 Qe7 30. Bg5 Kf8 31. Bxf6 gxf6
32. Ng4 f5 33. Ne5 Ke8 34. Rc3 Rd6 35. Qh5 Qf6 36. Qh7 Ke7 37. Qh5 Rh8 38.
Qf3 Rc8 39. Qb7+ Kd8 40. Nxf7+ Qxf7 41. Qxf7 Rd7 42. Qf8+ Kc7 43. Qxc5+ Kb8
44. Qb4+ Rb7 45. Qd6+ Rbc7 46. Rxe6 Ka8 47. Re7 Rc6 48. Qd7 R8c7 49. Qxc7
Rxc7 50. Rxc7 Kb8 51. Rh7 Kc8 52. Re3 Kd8 53. Ree7 Kc8 54. Re8# { Black
checkmated } 1-0

[Event "ICC tourney 2533 (25 5)"]
[Site "Internet Chess Club"]
[Date "2021.04.24"]
[Round "2"]
[White "GANTI AGRAWAL, SIDDHARTH:K09-15429648"]
[Black "LEDDY, GRADY:K09-16041431"]
[Result "1-0"]
[ICCResult "Black checkmated"]
[WhiteElo "1748"]
[BlackElo "1091"]
[Opening "Queen's pawn game, Darooha variation "]
[ECO "D02"]
[NIC "QP.08"]
[Time "13:13:53"]
[PlyCount "75"]
[TimeControl "1500+5"]

1. d4 d5 2. Nf3 Nf6 3. g3 b6 4. Bg2 Bb7 5. O-O Nbd7 6. c4 e6 7. Nc3 Be7 8.
Bf4 O-O 9. Rc1 a5 10. cxd5 exd5 11. Nb5 c6 12. Nd6 Bxd6 13. Bxd6 Re8 14. e3
h6 15. Qd3 Ne4 16. Qa3 Ndf6 17. Be5 Rc8 18. Rfd1 Ba6 19. Bxf6 Qxf6 20. Qb3
Rb8 21. Qc2 Rec8 22. Ne5 Qf5 23. f3 Nd6 24. Qxf5 Nxf5 25. Bh3 Nxe3 26. Bxc8
Rxc8 27. Re1 Nc4 28. Nxc4 Bxc4 29. b3 Bb5 30. Rc3 a4 31. Rec1 axb3 32. Rxb3
Ba4 33. Rxb6 Bb5 34. Rxb5 Kf8 35. Rbc5 Ke7 36. Rxc6 Rb8 37. Rc7+ Kd6 38.
R1c6# { Black checkmated } 1-0

[Event "ICC tourney 2533 (25 5)"]
[Site "Internet Chess Club"]
[Date "2021.04.24"]
[Round "2"]
[White "TATIKONDA, NIHANTH:K09-16818044"]
[Black "LUO, TERRY:K09-15210186"]
[Result "0-1"]
[ICCResult "White checkmated"]
[WhiteElo "1392"]
[BlackElo "2232"]
[Opening "King's Indian: Petrosian system, Stein variation"]
[ECO "E92"]
[NIC "KI.17"]
[Time "13:11:52"]
[PlyCount "122"]
[TimeControl "1500+5"]

1. d4 Nf6 2. c4 g6 3. Nc3 Bg7 4. e4 d6 5. Nf3 O-O 6. Be2 e5 7. d5 a5 8. O-O
Na6 9. a3 Nc5 10. Qc2 a4 11. Be3 Nb3 12. Rad1 Bd7 13. Nb1 Nh5 14. Bd3 Bg4
15. Be2 Nf4 16. Bxf4 exf4 17. h3 Bd7 18. Nbd2 Nc5 19. Ne1 Re8 20. f3 Bd4+
21. Kh1 Qh4 22. Nb1 Be3 23. Rd3 Nxd3 24. Bxd3 Re5 25. Nc3 Rh5 26. Nd1 Bxh3
27. Nxe3 Bxg2+ 28. Kg1 fxe3 29. Qxg2 Rg5 30. Be2 Rxg2+ 31. Nxg2 Qf6 32. Rb1
Qd4 33. Kf1 Qd2 34. Nf4 Qc2 35. Rd1 Qxb2 36. Rd3 Qa1+ 37. Kg2 Ra6 38. Rxe3
Qc1 39. Kf2 Rb6 40. Nd3 Qxa3 41. e5 dxe5 42. Nxe5 Qc5 43. Nd7 Qd4 44. Nxb6
Qxb6 45. Bd1 a3 46. Ke2 Qxe3+ 47. Kxe3 a2 48. c5 a1=Q 49. Bc2 Qc3+ 50. Bd3
Qxc5+ 51. Ke2 Qxd5 52. f4 Qd4 53. f5 gxf5 54. Kd2 f4 55. Ke2 Qe3+ 56. Kf1
Qxd3+ 57. Kf2 Qe3+ 58. Kf1 Qd2 59. Kg1 f3 60. Kf1 Qe2+ 61. Kg1 Qg2# { White
checkmated } 0-1

[Event "ICC tourney 2533 (25 5)"]
[Site "Internet Chess Club"]
[Date "2021.04.24"]
[Round "2"]
[White "FENTON, SETH:K09-15344035"]
[Black "KANKEYAN, RISHEETH:K09-16597998"]
[Result "1/2-1/2"]
[ICCResult "Game drawn because neither player has mating material"]
[WhiteElo "1690"]
[BlackElo "1055"]
[Opening "English: Bremen, reverse dragon"]
[ECO "A22"]
[NIC "EO.10"]
[Time "13:11:34"]
[PlyCount "103"]
[TimeControl "1500+5"]

1. c4 e5 2. Nc3 Nf6 3. g3 d5 4. cxd5 Nxd5 5. Bg2 Be6 6. e3 Nc6 7. Nge2 Bb4
8. a3 Be7 9. O-O O-O 10. b4 a6 11. Bb2 Qd7 12. d4 exd4 13. Nxd4 Nxd4 14.
exd4 Nxc3 15. Bxc3 c6 16. Re1 Bf6 17. Qd2 Rad8 18. Rad1 Bg4 19. f3 Be6 20.
Qb2 Bd5 21. Qc2 Rfe8 22. Ba1 Rxe1+ 23. Rxe1 Be6 24. Rd1 Bd5 25. f4 Qe6 26.
Qf2 Bxg2 27. Qxg2 Qe3+ 28. Qf2 Qxa3 29. Qe2 Qxb4 30. Kh1 g6 31. Qe4 Qb3 32.
Rb1 Qd5 33. Qxd5 Rxd5 34. Rxb7 Bxd4 35. Bxd4 Rxd4 36. Rb6 a5 37. Rxc6 a4
38. Ra6 Kg7 39. Kg2 h6 40. Kf3 Rb4 41. Kg4 g5 42. h4 gxf4 43. gxf4 h5+ 44.
Kg5 Rb5+ 45. f5 a3 46. Rxa3 f6+ 47. Kxh5 Rxf5+ 48. Kg4 Rb5 49. Rf3 Kg6 50.
h5+ Rxh5 51. Rxf6+ Kxf6 52. Kxh5 { Game drawn because neither player has
mating material } 1/2-1/2

[Event "ICC tourney 2533 (25 5)"]
[Site "Internet Chess Club"]
[Date "2021.04.24"]
[Round "2"]
[White "NASTA, KIREN:K09-15255524"]
[Black "CUI, SUNNY:K09-15586563"]
[Result "1-0"]
[ICCResult "Black checkmated"]
[WhiteElo "1901"]
[BlackElo "1226"]
[Opening "Ruy Lopez: old Steinitz defense"]
[ECO "C62"]
[NIC "RL.02"]
[Time "13:13:21"]
[PlyCount "127"]
[TimeControl "1500+5"]

1. e4 e5 2. Nf3 Nc6 3. Bb5 d6 4. c3 Nf6 5. d3 g6 6. O-O Bg7 7. Re1 O-O 8.
Nbd2 Bg4 9. h3 Bxf3 10. Nxf3 a6 11. Ba4 b5 12. Bc2 h6 13. d4 Re8 14. dxe5
dxe5 15. Be3 Qd6 16. Qd2 Rad8 17. Bxh6 Qxd2 18. Bxd2 Rd7 19. Rad1 Red8 20.
Kf1 Nh5 21. Be3 Rxd1 22. Rxd1 Rxd1+ 23. Bxd1 b4 24. Ba4 bxc3 25. Bxc6 cxb2
26. Nd2 Bf8 27. Ba4 Nf4 28. Bxf4 exf4 29. Bc2 Bg7 30. Nc4 Kf8 31. e5 g5 32.
Nxb2 Bxe5 33. Nc4 Bd4 34. Ke2 c5 35. Be4 Bc3 36. Kd3 Bd4 37. f3 f6 38. Bb7
Ke7 39. Bxa6 Kd7 40. Bb7 Kc7 41. Bd5 Kb8 42. Ke4 Kc7 43. Kf5 Kd7 44. h4 Be3
45. Nxe3 fxe3 46. Bc4 gxh4 47. Ke4 Kd6 48. Kxe3 Ke5 49. f4+ Kd6 50. Ke4 h3
51. gxh3 Kc6 52. Kf5 Kd6 53. Kxf6 Kc6 54. h4 Kd6 55. h5 Kc6 56. h6 Kd6 57.
h7 Kc6 58. h8=Q Kd6 59. Qd8+ Kc6 60. Qd5+ Kb6 61. Qd6+ Ka5 62. Qb8 Ka4 63.
Qb3+ Ka5 64. Qb5# { Black checkmated } 1-0

[Event "ICC tourney 2533 (25 5)"]
[Site "Internet Chess Club"]
[Date "2021.04.24"]
[Round "2"]
[White "WILLIAM STONE, VINCENT:K09-15537233"]
[Black "WILLIAM MARVIN, MATTHEW:K09-16370802"]
[Result "1-0"]
[ICCResult "Black resigns"]
[WhiteElo "2075"]
[BlackElo "1335"]
[Opening "Petrov: Nimzovich attack"]
[ECO "C42"]
[NIC "RG.03"]
[Time "13:12:51"]
[PlyCount "83"]
[TimeControl "1500+5"]

1. e4 e5 2. Nf3 Nf6 3. Nxe5 d6 4. Nf3 Nxe4 5. Nc3 Nxc3 6. dxc3 Be7 7. Be3
Nc6 8. Qd2 Be6 9. Bd3 Qd7 10. Nd4 Nxd4 11. Bxd4 O-O 12. c4 Bf5 13. O-O-O
Bxd3 14. Qxd3 Rfe8 15. h4 h6 16. Rh3 c6 17. Rg3 Bf8 18. Qc3 g6 19. h5 g5
20. f4 g4 21. f5 Qxf5 22. Qd3 Qxd3 23. Rxg4+ Kh7 24. Rxd3 Re1+ 25. Kd2 Rae8
26. Rf3 R8e7 27. Rxf7+ Rxf7 28. Kxe1 a6 29. Re4 Rf5 30. g4 Rg5 31. Bf6 Rg8
32. Ke2 b5 33. cxb5 axb5 34. Kf3 d5 35. Re6 c5 36. Rb6 b4 37. Rb7+ Bg7 38.
a4 bxa3 39. bxa3 d4 40. Rxg7+ Rxg7 41. Bxg7 Kxg7 42. a4 { Black resigns }
1-0

[Event "ICC tourney 2533 (25 5)"]
[Site "Internet Chess Club"]
[Date "2021.04.24"]
[Round "2"]
[White "ANDERSON, NATE:K09-15675466"]
[Black "HAN, JOHNNY:K09-15484292"]
[Result "0-1"]
[ICCResult "White checkmated"]
[WhiteElo "616"]
[BlackElo "1522"]
[Opening "Queen's pawn, Mason variation"]
[ECO "D00"]
[NIC "QP.08"]
[Time "13:14:40"]
[PlyCount "130"]
[TimeControl "1500+5"]

1. d4 d5 2. Bf4 Bf5 3. e3 Nf6 4. Bd3 Bxd3 5. Qxd3 Nc6 6. Nd2 e6 7. Ngf3 Bd6
8. Bg3 Bxg3 9. hxg3 Qd7 10. c3 O-O-O 11. Nb3 Qd6 12. Nc5 Nd7 13. Nxd7 Qxd7
14. Rxh7 g6 15. Rh2 Rxh2 16. Nxh2 Rh8 17. Nf1 Na5 18. b3 f5 19. c4 Qc6 20.
cxd5 Qxd5 21. f3 e5 22. e4 fxe4 23. fxe4 Qxd4 24. Qxd4 exd4 25. O-O-O Nc6
26. Nd2 Rh2 27. Nf3 Rxg2 28. Nxd4 Nxd4 29. Rxd4 Rxg3 30. Kc2 Rf3 31. e5 Rf5
32. Re4 g5 33. e6 Rf8 34. Kb2 c6 35. e7 Re8 36. Re5 g4 37. Rg5 Rxe7 38.
Rxg4 Re2+ 39. Kc3 Rxa2 40. Rg7 Re2 41. Rg4 Re7 42. Ra4 a6 43. Rb4 Re3+ 44.
Kd4 Rh3 45. Kc5 Rh5+ 46. Kb6 Rb5+ 47. Rxb5 cxb5 48. b4 Kb8 49. Ka5 Kc8 50.
Kb6 Kd7 51. Kxb7 a5 52. bxa5 b4 53. a6 b3 54. a7 b2 55. a8=Q b1=Q+ 56. Ka6
Qa1+ 57. Kb7 Qh1+ 58. Kb8 Qh2+ 59. Ka7 Qa2+ 60. Kb7 Qb3+ 61. Ka7 Qa4+ 62.
Kb7 Qb5+ 63. Ka7 Kc7 64. Qc6+ Kxc6 65. Ka8 Qb7# { White checkmated } 0-1

[Event "ICC tourney 2533 (25 5)"]
[Site "Internet Chess Club"]
[Date "2021.04.24"]
[Round "2"]
[White "ZADAVYSVICHKO, MAKSYM:K09-17111597"]
[Black "SMITH, SILAS:K09-15797197"]
[Result "0-1"]
[ICCResult "White checkmated"]
[WhiteElo "1056"]
[BlackElo "1694"]
[Opening "Sicilian: closed"]
[ECO "B23"]
[NIC "SI.44"]
[Time "13:14:11"]
[PlyCount "74"]
[TimeControl "1500+5"]

1. e4 c5 2. Nc3 e6 3. g3 a6 4. Bg2 d6 5. d3 Nc6 6. f4 Be7 7. Be3 Nf6 8. h3
d5 9. e5 Nd7 10. Nce2 Qb6 11. Rb1 O-O 12. Nf3 Qa5+ 13. Bd2 Qc7 14. O-O b5
15. g4 Bb7 16. Ng3 Rac8 17. h4 Nd4 18. g5 b4 19. Nh2 a5 20. Qg4 Nxc2 21. f5
Nxe5 22. Qh5 g6 23. fxg6 fxg6 24. Qh6 Rxf1+ 25. Rxf1 Bf8 26. Rxf8+ Rxf8 27.
Nh5 gxh5 28. Qxe6+ Kh8 29. Qh6 Qf7 30. Nf1 Qf2+ 31. Kh1 d4 32. Qxh7+ Kxh7
33. g6+ Nxg6 34. Bxb7 Qxf1+ 35. Kh2 Rf2+ 36. Kg3 Qg1+ 37. Kh3 Rh2# { White
checkmated } 0-1

[Event "ICC tourney 2533 (25 5)"]
[Site "Internet Chess Club"]
[Date "2021.04.24"]
[Round "2"]
[White "HANKE, HARVEY:K09-17137475"]
[Black "MURUGAN AYYAPPAN, AADARSINI:K09-16041583"]
[Result "1/2-1/2"]
[ICCResult "Game drawn by mutual agreement"]
[WhiteElo "752"]
[BlackElo "1544"]
[Opening "French: exchange variation"]
[ECO "C01"]
[NIC "FR.01"]
[Time "13:13:09"]
[PlyCount "96"]
[TimeControl "1500+5"]

1. e4 e6 2. d4 d5 3. exd5 exd5 4. Nf3 Nf6 5. Bd3 Bd6 6. O-O O-O 7. Bg5 Bg4
8. Nbd2 c6 9. c3 Nbd7 10. Qc2 Qc7 11. h3 Bh5 12. Rae1 Rfe8 13. Bxf6 Nxf6
14. Re2 Rxe2 15. Bxe2 Re8 16. Bd3 Qd7 17. Bf5 Qc7 18. Bd3 Bxf3 19. Nxf3 Qe7
20. Re1 Qd8 21. Re2 Rxe2 22. Qxe2 Qe7 23. Qxe7 Bxe7 24. Kf1 Ne4 25. Ke2 h6
26. Ke3 Nd6 27. Ne5 Bg5+ 28. f4 Bf6 29. g3 g6 30. Nd7 Bd8 31. Nc5 h5 32. b4
Kf8 33. a4 Ke7 34. Nb3 b6 35. Nd2 Ke6 36. Nf3 Nf5+ 37. Bxf5+ Kxf5 38. Ne5
c5 39. Nxf7 cxd4+ 40. Kxd4 Bf6+ 41. Kd3 Be7 42. Ne5 Bd6 43. Nf3 Bb8 44.
Nh4+ Kf6 45. Nf3 Bc7 46. Kd4 Ke6 47. Ng5+ Kd6 48. Nf3 Ke6 { Game drawn by
mutual agreement } 1/2-1/2

[Event "ICC tourney 2533 (25 5)"]
[Site "Internet Chess Club"]
[Date "2021.04.24"]
[Round "2"]
[White "HENRY EASTERDAY, WILLIAM:K09-16350945"]
[Black "DENG, LILY:K09-16640701"]
[Result "0-1"]
[ICCResult "White checkmated"]
[WhiteElo "1150"]
[BlackElo "1844"]
[Opening "Réti opening"]
[ECO "A04"]
[NIC "QP.11"]
[Time "13:11:26"]
[PlyCount "104"]
[TimeControl "1500+5"]

1. Nf3 Nc6 2. g3 e5 3. d3 Nf6 4. Bg5 Be7 5. Bg2 h6 6. Bxf6 Bxf6 7. O-O O-O
8. Nbd2 d5 9. e4 d4 10. Ne1 Be7 11. f4 exf4 12. gxf4 Bc5 13. Nb3 Bb6 14.
Nd2 a6 15. e5 Bd7 16. Be4 Qe7 17. Kh1 f5 18. Bd5+ Be6 19. Bxe6+ Qxe6 20.
Nef3 Rad8 21. Rg1 Ne7 22. Qe1 Nd5 23. Qg3 Rf7 24. Nb3 c5 25. Nfd2 Ne3 26.
Rac1 a5 27. Nf1 Qd5+ 28. Rg2 Nxg2 29. Qxg2 Qxg2+ 30. Kxg2 a4 31. Nbd2 Re7
32. Nc4 Bc7 33. Re1 g5 34. Kg3 Kf7 35. Nfd2 Rde8 36. Nf3 Kg6 37. a3 b5 38.
Ncd2 Ba5 39. h3 Re6 40. Re2 Bc7 41. c3 dxc3 42. bxc3 Rd8 43. d4 Bb6 44. c4
cxd4 45. cxb5 Rd5 46. fxg5 hxg5 47. h4 g4 48. Ng5 Rexe5 49. Rxe5 Rxe5 50.
Nc4 Rxb5 51. Kf4 Bc7+ 52. Ne5+ Bxe5# { White checkmated } 0-1

[Event "ICC tourney 2533 (25 5)"]
[Site "Internet Chess Club"]
[Date "2021.04.24"]
[Round "2"]
[White "SILVA, JAVIER:K09-16089208"]
[Black "SHETTY, DARSH:K09-16728985"]
[Result "1-0"]
[ICCResult "Black checkmated"]
[WhiteElo "1889"]
[BlackElo "680"]
[Opening "Ruy Lopez: Anderssen variation"]
[ECO "C77"]
[NIC "RL.12"]
[Time "13:11:16"]
[PlyCount "119"]
[TimeControl "1500+5"]

1. e4 e5 2. Nf3 Nc6 3. Bb5 a6 4. Ba4 Nf6 5. d3 b5 6. Bb3 d6 7. c3 Be7 8.
O-O O-O 9. Nbd2 Bg4 10. Re1 d5 11. exd5 Nxd5 12. h3 Bxf3 13. Qxf3 Ndb4 14.
cxb4 Nxb4 15. Nf1 Qxd3 16. Qxd3 Nxd3 17. Rd1 Nc5 18. Bd5 Rad8 19. Be3 Na4
20. Rab1 c5 21. Bb3 Nb6 22. Rxd8 Rxd8 23. Rd1 Rxd1 24. Bxd1 Nd5 25. Bf3 Nb4
26. a3 Nd3 27. b3 c4 28. bxc4 bxc4 29. Bd2 Bxa3 30. Ne3 Nb2 31. Bd5 Bc5 32.
Nxc4 Nd3 33. Be3 Bxe3 34. Nxe3 Kf8 35. Bc4 Nc5 36. Nd1 Ke7 37. Nb2 e4 38.
Kf1 f5 39. Ke2 Kd6 40. Ke3 Ke5 41. f4+ exf3 42. Kxf3 Kd4 43. Bg8 h6 44. Kf4
g6 45. Bf7 g5+ 46. Kxf5 Kc3 47. Nc4 Nb3 48. Kg6 Nd4 49. Kxh6 g4 50. hxg4
Kd3 51. g5 Nf5+ 52. Kh7 Ke4 53. Bg6 Kf4 54. Bxf5 Kxg5 55. g4 Kf6 56. Kh6
Kf7 57. g5 Kg8 58. g6 Kh8 59. g7+ Kg8 60. Be6# { Black checkmated } 1-0